[Event "Titled Tuesday Blitz February 15 Early 2022"]
[White "Sarana, Alexey"]
[Black "Weetik, Vjacheslav"]
[WhiteFideId "24133795"]
[BlackFideId "4153472"]
[WhiteElo "2665"]
[BlackElo "2469"]
[Result "1-0"]
[Round "04"]
[TimeControl "180+1"]
[Date "2022.02.15"]
[WhiteClock "0:01:01"]
[BlackClock "0:00:01"]

1. d4 d5 2. c4 e6 3. Nc3 c6 4. Nf3 dxc4 5. g3 c5 6. Bg2 Nc6 7. Qa4 cxd4 8. Nxd4 Ne7 9. Ndb5 Nd5 10. Bxd5 exd5 11. Bf4 Be6 12. Nc7+ Kd7 13. O-O-O Bd6 14. N3xd5 Kc8 15. Bxd6 Qxd6 16. Nb6+ axb6 17. Qxa8+ Kxc7 18. Qxh8 Qe5 19. Qxh7 Bf5 20. Qh4 c3 21. Qf4 cxb2+ 22. Kd2 Qxf4+ 23. gxf4 Nb4 24. Rb1 Bxb1 25. Rxb1 1-0


[Site "https://www.chess.com"]

[Event "Titled Tuesday Blitz February 15 Early 2022"]
[White "Selbes, Tarik"]
[Black "Adury, Anant"]
[WhiteFideId "6302513"]
[BlackFideId "30964687"]
[WhiteElo "2290"]
[BlackElo "2332"]
[Result "1-0"]
[Round "04"]
[TimeControl "180+1"]
[Date "2022.02.15"]
[WhiteClock "0:01:46"]
[BlackClock "0:02:07"]

1. d4 Nf6 2. Nf3 e6 3. g3 c5 4. Bg2 cxd4 5. Nxd4 Nc6 6. O-O Bc5 7. Nb3 Bb6 8. Na3 h6 9. Nc4 O-O 10. Nd6 Ne8 11. Bf4 Nxd6 12. Bxd6 Re8 13. c4 Bc7 14. c5 Bxd6 15. cxd6 b6 16. Nd4 Bb7 17. Nb5 Rc8 18. Rc1 Qf6 19. Nxa7 Nxa7 20. Bxb7 Rb8 21. Bf3 Nc6 22. Bxc6 dxc6 23. Rxc6 Qxb2 24. Qd3 Qxa2 25. Rfc1 Red8 26. Rc7 Qa3 27. Qxa3 1-0


[Site "https://www.chess.com"]

[Event "Titled Tuesday Blitz February 15 Early 2022"]
[White "Sharapov, Evgeny"]
[Black "Wartiovaara, Oliver"]
[WhiteFideId "14103133"]
[BlackFideId "513024"]
[WhiteElo "2367"]
[BlackElo "1971"]
[Result "1/2-1/2"]
[Round "04"]
[TimeControl "180+1"]
[Date "2022.02.15"]
[WhiteClock "0:01:14"]
[BlackClock "0:00:25"]

1. e4 c5 2. Nf3 d6 3. d4 cxd4 4. Nxd4 Nf6 5. f3 e5 6. Nb3 d5 7. Bg5 Be6 8. Bxf6 gxf6 9. exd5 Qxd5 10. Qxd5 Bxd5 11. Nc3 Be6 12. O-O-O Nc6 13. Bb5 Rc8 14. Na5 a6 15. Bxc6+ bxc6 16. Ne4 f5 17. Nd6+ Bxd6 18. Rxd6 Ke7 19. Rxc6 Rxc6 20. Nxc6+ Kd6 21. Nb4 a5 22. Rd1+ Kc5 23. Nd3+ Kd4 24. Re1 e4 25. Nf4 Rg8 26. Nxe6+ fxe6 27. fxe4 fxe4 28. Re2 e3 29. Kd1 Rb8 30. b3 Rf8 31. Ke1 h5 32. c4 Kd3 33. g3 a4 34. bxa4 Rb8 35. Kf1 Rf8+ 36. Ke1 Rb8 37. Kf1 Rf8+ 38. Ke1 1/2-1/2


[Site "https://www.chess.com"]

[Event "Titled Tuesday Blitz February 15 Early 2022"]
[White "Shton, Roman"]
[Black "Lohani, Sujana"]
[WhiteFideId "14137461"]
[BlackFideId "12311987"]
[WhiteElo "2038"]
[BlackElo "1691"]
[Result "1-0"]
[Round "04"]
[TimeControl "180+1"]
[Date "2022.02.15"]
[WhiteClock "0:01:03"]
[BlackClock "0:00:21"]

1. d4 b6 2. e4 Bb7 3. Bd3 g6 4. Nf3 Bg7 5. Qe2 c5 6. c3 Nc6 7. d5 Ne5 8. Nxe5 Bxe5 9. O-O e6 10. f4 Bg7 11. f5 Nf6 12. c4 O-O 13. e5 exf5 14. exf6 Qxf6 15. Nc3 Rae8 16. Qf3 Ba6 17. Bf4 Qd4+ 18. Kh1 Bxc4 19. Bxc4 Qxc4 20. Bd6 Qb4 21. Bxf8 Kxf8 22. Nd1 d6 23. Rc1 Re4 24. Nf2 Rh4 25. Nd3 Qd4 26. Rce1 c4 27. Nb4 Qxb2 28. Nc6 c3 29. Qg3 Rg4 30. Qxd6+ Kg8 31. Re8+ Bf8 32. Qxf8# 1-0


[Site "https://www.chess.com"]

[Event "Titled Tuesday Blitz February 15 Early 2022"]
[White "Shukhman, Anna"]
[Black "Harish, Neeraj"]
[WhiteFideId "54180058"]
[BlackFideId "30958130"]
[WhiteElo "1628"]
[BlackElo "1545"]
[Result "1-0"]
[Round "04"]
[TimeControl "180+1"]
[Date "2022.02.15"]
[WhiteClock "0:00:03"]
[BlackClock "0:00:14"]

1. e4 c5 2. Nf3 Nc6 3. d4 cxd4 4. Nxd4 Nf6 5. Nc3 e5 6. Ndb5 d6 7. Nd5 Nxd5 8. exd5 Nb8 9. c4 Be7 10. Be2 Nd7 11. O-O O-O 12. Be3 a6 13. Nc3 f5 14. f4 Bf6 15. Rc1 exf4 16. Bf2 b6 17. b4 g5 18. c5 bxc5 19. bxc5 Nxc5 20. Bxc5 dxc5 21. Na4 Bd4+ 22. Kh1 Qd6 23. Rf3 Bb7 24. Bc4 g4 25. Rb3 Bxd5 26. Bxd5+ Qxd5 27. Nb6 Qe4 28. Nxa8 Rxa8 29. Rb6 f3 30. Qb3+ c4 31. Qxc4+ Kh8 32. Qf1 Rg8 33. Rbc6 g3 34. gxf3 Qh4 35. R6c2 Bf2 36. Qg2 f4 37. h3 h5 38. Rc7 Be3 39. Rd1 Rg7 40. Rd8+ Kh7 41. Rxg7+ Kxg7 42. Qb2+ Kg6 43. Qb6+ Kf5 44. Rd5# 1-0


[Site "https://www.chess.com"]

[Event "Titled Tuesday Blitz February 15 Early 2022"]
[White "Shuvalova, Polina"]
[Black "Sjugirov, Sanan"]
[WhiteFideId "24171760"]
[BlackFideId "4189302"]
[WhiteElo "2355"]
[BlackElo "2602"]
[Result "0-1"]
[Round "04"]
[TimeControl "180+1"]
[Date "2022.02.15"]
[WhiteClock "0:00:16"]
[BlackClock "0:00:51"]

1. e4 e5 2. Nf3 Nc6 3. Bb5 a6 4. Ba4 Nf6 5. O-O d6 6. c4 Bg4 7. Nc3 Nd7 8. h3 Bxf3 9. Qxf3 g6 10. d3 Bg7 11. Bxc6 bxc6 12. Be3 O-O 13. Rae1 Kh8 14. b3 Qe8 15. Qd1 f5 16. exf5 gxf5 17. f4 Qg6 18. d4 e4 19. Kh2 Nf6 20. Rg1 Rg8 21. Qe2 Qh6 22. Nd1 Ng4+ 23. Kh1 Bf6 24. Nf2 Rg6 25. Nxg4 Rxg4 26. d5 c5 27. Bc1 Rag8 28. Bb2 Rg3 29. Bxf6+ Qxf6 30. Kh2 Qh4 31. Ref1 R8g7 32. Qb2 h6 33. b4 cxb4 34. Qxb4 Kh7 35. Qb2 a5 36. a4 Rd3 37. Qe2 Rgg3 38. Kh1 Rxh3+ 39. gxh3 Rxh3+ 0-1


[Site "https://www.chess.com"]

[Event "Titled Tuesday Blitz February 15 Early 2022"]
[White "Shvedova, Alexandra"]
[Black "Avila Pavas, Santiago"]
[WhiteFideId "54154782"]
[BlackFideId "4437128"]
[WhiteElo "1920"]
[BlackElo "2242"]
[Result "1-0"]
[Round "04"]
[TimeControl "180+1"]
[Date "2022.02.15"]
[WhiteClock "0:00:07"]
[BlackClock "0:00:15"]

1. e4 Nf6 2. e5 Nd5 3. d4 d6 4. c4 Nb6 5. exd6 cxd6 6. Nc3 g6 7. Be3 Bg7 8. Rc1 O-O 9. b3 e5 10. dxe5 dxe5 11. Qxd8 Rxd8 12. c5 N6d7 13. Nb5 Nc6 14. Nd6 e4 15. Nxe4 Nde5 16. Nd6 Nb4 17. Rd1 Nxa2 18. Bd4 b6 19. f4 Ng4 20. Bc4 bxc5 21. Bxf7+ Kf8 22. Bxg7+ Kxg7 23. Ne8+ Rxe8+ 24. Bxe8 Be6 25. Bc6 Rb8 26. Nf3 Ne3 27. Rd2 Nb4 28. Kf2 Nf5 29. Re1 Bxb3 30. Rd7+ Kh6 31. Ng5 Bg8 32. g4 Nxc6 33. gxf5 Rb2+ 34. Kg1 Nd4 35. fxg6 hxg6 36. Rd8 Ne2+ 37. Rxe2 Rxe2 38. Rxg8 c4 39. Rc8 Rc2 40. Rc7 Kh5 41. Kf1 Kg4 42. Ke1 Kxf4 43. Ne6+ Kf3 44. Nd4+ Kg2 45. Nxc2 Kxh2 46. Rxc4 g5 47. Ra4 Kh3 48. Rxa7 g4 49. Ne3 Kh2 50. Kf1 g3 51. Rh7# 1-0


[Site "https://www.chess.com"]

[Event "Titled Tuesday Blitz February 15 Early 2022"]
[White "Singh, Ojasva"]
[Black "Ianov, Viktor"]
[WhiteFideId "25681958"]
[BlackFideId "14102730"]
[WhiteElo "1741"]
[BlackElo "2215"]
[Result "0-1"]
[Round "04"]
[TimeControl "180+1"]
[Date "2022.02.15"]
[WhiteClock "0:00:02"]
[BlackClock "0:01:14"]

1. e4 d6 2. d4 Nf6 3. Nc3 c6 4. a4 Qa5 5. Bd2 e5 6. Nf3 Bg4 7. Be2 Nbd7 8. O-O Qc7 9. Be3 Be7 10. Nd2 Bxe2 11. Qxe2 O-O 12. Nc4 Rfe8 13. dxe5 dxe5 14. Rfd1 Bb4 15. f3 a5 16. Qf2 h6 17. Rd3 Reb8 18. Nb6 Nxb6 19. Bxb6 Qe7 20. Rad1 Re8 21. Ne2 Qe6 22. Ng3 g6 23. c3 Bf8 24. Bc5 Be7 25. Bxe7 Qxe7 26. Qb6 Ra6 27. Qb3 Kg7 28. Nf1 Qc7 29. Ne3 Rb8 30. Qc4 b5 31. axb5 Rxb5 32. R1d2 a4 33. Nd5 Qa7+ 34. Ne3 Qb6 35. Kf2 Rxb2 36. Rxb2 Qxb2+ 37. Kg3 Qb5 38. Qxb5 cxb5 39. Nd5 Nxd5 40. Rxd5 a3 41. Rd1 a2 42. Ra1 Kf6 43. Kf2 Ke6 44. Ke3 Kd6 45. Kd3 Kc5 46. g3 h5 47. Kc2 Kc4 48. Kb2 Ra4 49. h3 g5 50. h4 gxh4 51. gxh4 f6 52. Rd1 a1=Q+ 53. Rxa1 Rxa1 0-1


[Site "https://www.chess.com"]

[Event "Titled Tuesday Blitz February 15 Early 2022"]
[White "Sinitsina, Anastassia"]
[Black "Kurbonboeva, Sarvinoz"]
[WhiteFideId "4504640"]
[BlackFideId "14201780"]
[WhiteElo "2144"]
[BlackElo "2054"]
[Result "0-1"]
[Round "04"]
[TimeControl "180+1"]
[Date "2022.02.15"]
[WhiteClock "0:01:02"]
[BlackClock "0:00:11"]

1. Nf3 Nf6 2. g3 g6 3. Bg2 Bg7 4. O-O O-O 5. d4 d5 6. c4 c6 7. cxd5 cxd5 8. Ne5 Nbd7 9. Nc3 Nb6 10. Bf4 Bf5 11. Rc1 Ne4 12. Nb5 a6 13. Nc3 Rc8 14. Qb3 g5 15. Nxe4 gxf4 16. Nc5 Nc4 17. gxf4 Nd2 18. Qxb7 Nxf1 19. Rxf1 Rb8 20. Qxa6 Rxb2 21. Nc6 Qc7 22. Bxd5 Bf6 23. e3 Kh8 24. Ne5 e6 25. Bf3 Rg8+ 26. Kh1 Bh3 27. Rg1 Rxf2 28. Qb7 Rxg1+ 29. Kxg1 Rf1# 0-1


[Site "https://www.chess.com"]

[Event "Titled Tuesday Blitz February 15 Early 2022"]
[White "Sliwicki, Damian"]
[Black "Gubajdullin, Alexei"]
[WhiteFideId "1127128"]
[BlackFideId "4141202"]
[WhiteElo "2084"]
[BlackElo "2268"]
[Result "1-0"]
[Round "04"]
[TimeControl "180+1"]
[Date "2022.02.15"]
[WhiteClock "0:00:07"]
[BlackClock "0:00:07"]

1. e4 g6 2. d4 Bg7 3. Nc3 d6 4. Nf3 a6 5. Bg5 b5 6. Qd2 Nd7 7. O-O-O Bb7 8. e5 Nb6 9. exd6 cxd6 10. Re1 Nf6 11. Bxf6 Bxf6 12. Qh6 b4 13. Ne4 Bxe4 14. Rxe4 Qc7 15. Bd3 Nd5 16. Rhe1 Qc6 17. Ne5 Qa4 18. Bc4 Rc8 19. Bb3 Qb5 20. Ng4 Kd8 21. Nxf6 exf6 22. Bxd5 Qxd5 23. Qg7 Kc7 24. Re7+ Kb6 25. Qxf6 Rc6 26. Kb1 Rhc8 27. Rxf7 Rxc2 28. Qg7 Qc5 29. Rb7+ Ka5 30. dxc5 R2xc5 31. Ra7 b3 32. axb3 Rb5 33. b4+ Rxb4 34. Qd7 Rcb8 35. Qc7+ R8b6 36. Re2 Rd4 37. Qc3+ Rdb4 38. Re4 Ka4 39. Rxb4+ Rxb4 40. Qc6+ Ka5 41. Rxa6# 1-0


[Site "https://www.chess.com"]

[Event "Titled Tuesday Blitz February 15 Early 2022"]
[White "Soderstrom, Adrian"]
[Black "Lauridsen, Jesper Morch"]
[WhiteFideId "1745786"]
[BlackFideId "1401890"]
[WhiteElo "2107"]
[BlackElo "2197"]
[Result "1-0"]
[Round "04"]
[TimeControl "180+1"]
[Date "2022.02.15"]
[WhiteClock "0:01:03"]
[BlackClock "0:01:25"]

1. e4 c5 2. d4 cxd4 3. c3 dxc3 4. Nxc3 Nc6 5. Nf3 d6 6. Bc4 e6 7. O-O a6 8. Qe2 Nf6 9. Rd1 Qc7 10. Bf4 Be7 11. e5 Nh5 12. Be3 dxe5 13. Ng5 Nf4 14. Bxf4 exf4 15. Nce4 f5 16. Bxe6 fxe4 17. Qh5+ g6 18. Bf7+ Kf8 19. Qh6# 1-0


[Site "https://www.chess.com"]

[Event "Titled Tuesday Blitz February 15 Early 2022"]
[White "Sokolovsky, Yahli"]
[Black "Seo, Jung Min"]
[WhiteFideId "2820242"]
[BlackFideId "1734687"]
[WhiteElo "1770"]
[BlackElo "2401"]
[Result "1/2-1/2"]
[Round "04"]
[TimeControl "180+1"]
[Date "2022.02.15"]
[WhiteClock "0:00:05"]
[BlackClock "0:00:02"]

1. b3 e5 2. Bb2 Nc6 3. e3 Nf6 4. Nf3 d6 5. d4 exd4 6. exd4 Be7 7. d5 Nb8 8. Bd3 O-O 9. c4 Nbd7 10. O-O Nc5 11. Bc2 a5 12. Nc3 Nfd7 13. Nb5 Bf6 14. Bxf6 Nxf6 15. Nfd4 Bd7 16. Qf3 Re8 17. Rfe1 Re5 18. h3 Qe7 19. Qc3 c6 20. dxc6 bxc6 21. Na3 Re8 22. Nf3 Rxe1+ 23. Rxe1 Qd8 24. Rxe8+ Bxe8 25. Nb1 h6 26. Nbd2 Bd7 27. Nd4 Qe7 28. N2f3 Nb7 29. Qd3 d5 30. cxd5 cxd5 31. Ne2 Nc5 32. Qd1 Nce4 33. Ned4 Qc5 34. Bd3 Qc3 35. Qe2 Bc6 36. Qc2 Qa1+ 37. Qb1 Qxb1+ 38. Bxb1 Bb7 39. Bd3 Kf8 40. Kf1 Ke7 41. Ke1 g6 42. a3 Kd6 43. b4 axb4 44. axb4 Nd7 45. Nb5+ Ke7 46. Nbd4 Nb6 47. Ng1 Nc4 48. Nge2 Kd6 49. f3 Nf6 50. Nb5+ Ke5 51. Nbd4 Ne8 52. Kf2 Ned6 53. Nb3 Bc8 54. Ned4 Bf5 55. Bf1 g5 56. Nc6+ Kf6 57. Nbd4 Bd7 58. b5 Nxb5 59. Nb4 Nxd4 60. Nxd5+ Ke5 61. Bxc4 f5 62. Ne3 f4 63. Nf1 Bf5 64. Nd2 Nc2 65. Be2 Ne3 66. Nf1 Nd5 67. Nd2 Kd4 68. Nb3+ Kc3 69. Nc5 Kd4 70. Nb3+ Ke5 71. Nd2 Ne3 72. Nc4+ Kd4 73. Nd2 h5 74. Nb3+ Kc3 75. Nc5 Kd4 76. Nb3+ Ke5 77. Nd2 Nc2 78. Nc4+ Kf6 79. Nd2 Nd4 80. Nc4 Be6 81. Nd2 Ke5 82. Bd3 Bd5 83. Be4 Be6 84. Bd3 Nf5 85. Ne4 g4 86. hxg4 hxg4 87. fxg4 Ne3 88. g5 Bd5 89. Nd2 Bxg2 90. Nf3+ Bxf3 91. Kxf3 Nf5 92. g6 Nh4+ 93. Kg4 Nxg6 94. Bxg6 f3 95. Kxf3 1/2-1/2


[Site "https://www.chess.com"]

[Event "Titled Tuesday Blitz February 15 Early 2022"]
[White "Srihari L R"]
[Black "Levitskiy, Andrey"]
[WhiteFideId "46617116"]
[BlackFideId "14132885"]
[WhiteElo "2121"]
[BlackElo "2301"]
[Result "1-0"]
[Round "04"]
[TimeControl "180+1"]
[Date "2022.02.15"]
[WhiteClock "0:00:31"]
[BlackClock "0:00:02"]

1. c4 e5 2. Nc3 Bb4 3. Qc2 Nf6 4. Nf3 Nc6 5. e3 O-O 6. a3 Bxc3 7. Qxc3 d5 8. Nxe5 Nxe5 9. Qxe5 Re8 10. Qg3 d4 11. Be2 Ne4 12. Qf3 d3 13. Bd1 Bd7 14. O-O Bc6 15. Qh3 Re6 16. f3 Rh6 17. Qg4 Rh4 18. Qf5 Qd6 19. f4 Re8 20. Re1 Qh6 21. h3 Nd6 22. Qg5 Qxg5 23. fxg5 Rxc4 24. b4 Ne4 25. Bb3 Rxc1 26. Raxc1 Nxd2 27. Ba2 Ne4 28. Rf1 d2 29. Bxf7+ Kh8 30. Bxe8 dxc1=Q 31. Rxc1 Bxe8 32. Rxc7 Kg8 33. Rxb7 a6 34. h4 Nd6 35. Rb6 Nc4 36. Rxa6 Nxe3 37. Re6 1-0


[Site "https://www.chess.com"]

[Event "Titled Tuesday Blitz February 15 Early 2022"]
[White "Stanisz, Patryk"]
[Black "Hirneise, Jens"]
[WhiteFideId "1123106"]
[BlackFideId "24614734"]
[WhiteElo "1876"]
[BlackElo "2323"]
[Result "1-0"]
[Round "04"]
[TimeControl "180+1"]
[Date "2022.02.15"]
[WhiteClock "0:00:14"]
[BlackClock "0:00:07"]

1. Nf3 d5 2. c4 dxc4 3. g3 c5 4. Na3 Nc6 5. Nxc4 g6 6. Bg2 Bg7 7. O-O Nh6 8. Rb1 O-O 9. d3 Nf5 10. a3 Be6 11. b4 cxb4 12. axb4 Bxc4 13. dxc4 Qxd1 14. Rxd1 Rfd8 15. Ba3 Rdc8 16. e3 Nd6 17. Rbc1 b5 18. Nd2 Rab8 19. c5 Nb7 20. Nb3 a5 21. Bxc6 Rxc6 22. bxa5 Ra8 23. Bb4 Rc7 24. c6 Nd8 25. Rd7 Rac8 26. Bxe7 Nxc6 27. Rxc7 Rxc7 28. Bd6 Rc8 29. a6 b4 30. Na5 Bc3 31. Nxc6 Rxc6 32. Bxb4 Rxa6 33. Bxc3 f6 34. Bd4 Kg7 35. Kg2 h5 36. h4 g5 37. Rc7+ Kg6 38. hxg5 fxg5 39. Rb7 Ra4 40. Rb6+ Kh7 41. Rb5 Kg6 42. Rb6+ Kh7 43. Kf3 Ra5 44. Rb7+ Kg6 45. Rb6+ Kh7 46. Rc6 1-0


[Site "https://www.chess.com"]

[Event "Titled Tuesday Blitz February 15 Early 2022"]
[White "Stefanov, Plamen"]
[Black "Rozhkov, Viacheslav"]
[WhiteFideId "2900980"]
[BlackFideId "4181484"]
[WhiteElo "2137"]
[BlackElo "2324"]
[Result "0-1"]
[Round "04"]
[TimeControl "180+1"]
[Date "2022.02.15"]
[WhiteClock "0:01:23"]
[BlackClock "0:00:49"]

1. e4 c5 2. Nf3 d6 3. Bb5+ Nd7 4. c3 a6 5. Ba4 b5 6. Bc2 Bb7 7. O-O Ngf6 8. Re1 e6 9. d4 Qc7 10. d5 exd5 11. exd5+ Be7 12. Qe2 Nxd5 13. Be4 N7f6 14. Bg5 Nxe4 15. Qxe4 O-O 16. Bxe7 Rfe8 17. Bxd6 Rxe4 18. Bxc7 Rxe1+ 19. Nxe1 Nxc7 20. Nd2 Rd8 21. Ndf3 Ne6 22. Kf1 g5 23. g3 g4 24. Ne5 h5 25. Ke2 Re8 26. Nd7 Nf8+ 27. Kf1 Nxd7 28. Rd1 Ne5 29. Rd6 Nf3 30. Nd3 Nxh2+ 31. Kg1 Nf3+ 32. Kf1 c4 0-1


[Site "https://www.chess.com"]

[Event "Titled Tuesday Blitz February 15 Early 2022"]
[White "Svane, Frederik"]
[Black "Zhu, Jiner"]
[WhiteFideId "12923044"]
[BlackFideId "8608059"]
[WhiteElo "2459"]
[BlackElo "2281"]
[Result "1-0"]
[Round "04"]
[TimeControl "180+1"]
[Date "2022.02.15"]
[WhiteClock "0:00:07"]
[BlackClock "0:00:02"]

1. e4 c5 2. Nf3 Nc6 3. Bb5 g6 4. O-O Bg7 5. Re1 e5 6. Bxc6 dxc6 7. d3 Qe7 8. a4 Nf6 9. a5 O-O 10. Nbd2 Ne8 11. Nc4 f6 12. Be3 Be6 13. Nfd2 Nc7 14. Nb3 Bxc4 15. Bxc5 Qf7 16. Bxf8 Bxb3 17. Bxg7 Bxc2 18. Qxc2 Kxg7 19. d4 exd4 20. Rad1 Ne6 21. a6 c5 22. f4 b6 23. f5 Nc7 24. b4 Nxa6 25. bxc5 bxc5 26. Ra1 Qb7 27. e5 fxe5 28. Rxe5 Rd8 29. Qe2 d3 30. f6+ Kf8 31. Qe3 d2 32. Rd1 Qd7 33. Qh6+ Kg8 34. Re7 Qd4+ 35. Kh1 Qxf6 36. Qxh7+ Kf8 37. Re2 g5 38. Qxa7 Kg8 39. Qb7 Nb4 40. Qe4 Nc6 41. Kg1 Rd4 42. Qe8+ Kg7 43. Qe3 c4 44. Rf2 Qd8 45. Rfxd2 Rxd2 46. Rxd2 Qf6 47. Rd7+ Kh6 48. Qh3+ Kg6 49. Qh7# 1-0


[Site "https://www.chess.com"]

[Event "Titled Tuesday Blitz February 15 Early 2022"]
[White "Sychev, Klementy"]
[Black "Praslov, Andrey"]
[WhiteFideId "4114060"]
[BlackFideId "4147863"]
[WhiteElo "2564"]
[BlackElo "2374"]
[Result "1/2-1/2"]
[Round "04"]
[TimeControl "180+1"]
[Date "2022.02.15"]
[WhiteClock "0:00:02"]
[BlackClock "0:00:36"]

1. e4 c6 2. h4 d5 3. h5 dxe4 4. Nc3 Nf6 5. h6 gxh6 6. d3 Bf5 7. Bxh6 Bxh6 8. Rxh6 exd3 9. Bxd3 Bxd3 10. cxd3 Na6 11. Nf3 Nc5 12. d4 Ne6 13. Qd2 Qd6 14. O-O-O O-O-O 15. Kb1 Rhg8 16. g3 Rg4 17. Ne2 Ne4 18. Qe3 Nf6 19. a3 Qd5 20. Nc3 Qf5+ 21. Ka1 Nd5 22. Nxd5 Rxd5 23. Rc1 Re4 24. Qc3 Nxd4 25. Nxd4 Rexd4 26. Rxc6+ bxc6 27. Qxc6+ Kd8 28. Qa8+ Kd7 29. Qc6+ Kd8 30. Qa8+ Kd7 31. Qc6+ Kd8 1/2-1/2


[Site "https://www.chess.com"]

[Event "Titled Tuesday Blitz February 15 Early 2022"]
[White "Szpar, Milosz"]
[Black "Martinez Alcantara, Jose Eduardo"]
[WhiteFideId "1184989"]
[BlackFideId "3805662"]
[WhiteElo "2447"]
[BlackElo "2690"]
[Result "1/2-1/2"]
[Round "04"]
[TimeControl "180+1"]
[Date "2022.02.15"]
[WhiteClock "0:00:19"]
[BlackClock "0:01:15"]

1. e4 c5 2. Nf3 d6 3. d4 cxd4 4. Nxd4 Nf6 5. Nc3 a6 6. Bd3 e5 7. Nde2 Be7 8. O-O O-O 9. Ng3 Be6 10. h3 Nbd7 11. Qf3 g6 12. Bh6 Re8 13. Nf5 gxf5 14. Qg3+ Ng4 15. exf5 Kh8 16. hxg4 Bh4 17. Qh3 e4 18. fxe6 Rxe6 19. g5 Rxh6 20. gxh6 exd3 21. cxd3 Ne5 22. d4 Ng6 23. Qf5 Qf8 24. g3 Qxh6 25. Kg2 Rg8 26. Rh1 Qg7 27. Ne4 Be7 28. Kf3 Qxd4 29. Nc3 Ne5+ 30. Kg2 Ng6 31. Kf3 Ne5+ 32. Kg2 Ng6 33. Kf3 1/2-1/2


[Site "https://www.chess.com"]

[Event "Titled Tuesday Blitz February 15 Early 2022"]
[White "Tanenbaum, Zachary"]
[Black "Kabanov, Nikolai"]
[WhiteFideId "2060850"]
[BlackFideId "4127820"]
[WhiteElo "2168"]
[BlackElo "2304"]
[Result "1/2-1/2"]
[Round "04"]
[TimeControl "180+1"]
[Date "2022.02.15"]
[WhiteClock "0:00:04"]
[BlackClock "0:00:08"]

1. e4 c6 2. d4 d5 3. exd5 cxd5 4. Bd3 Nc6 5. c3 Nf6 6. Bf4 Bg4 7. Qb3 Qd7 8. Nd2 e6 9. Ngf3 Bd6 10. Bxd6 Qxd6 11. O-O O-O 12. Rfe1 Bxf3 13. Nxf3 Qc7 14. Qc2 a6 15. a4 Rac8 16. Qd2 Rfe8 17. Ne5 Nxe5 18. dxe5 Nd7 19. Qe3 Qb6 20. Qe2 Nc5 21. Bc2 Nb3 22. a5 Nxa5 23. Ra4 Rc4 24. Raa1 g6 25. Bd3 Rc7 26. Rad1 Nc4 27. b4 Na3 28. Qd2 Rec8 29. Rc1 Nb5 30. Bxb5 Qxb5 31. Re3 Rc4 32. h4 d4 33. Rf3 Qxe5 34. h5 Rxc3 35. Re1 Qxh5 36. Qxd4 Rc1 37. Re3 Rxe1+ 38. Rxe1 Qd5 39. Qf6 Qf5 40. Qd4 Rc2 41. Qd8+ Kg7 42. Qd4+ Qf6 43. Qe3 Rc3 44. Qd2 Rc4 45. g3 Qc3 46. Qe2 Rxb4 47. Rd1 Rb2 48. Qe4 Qf6 49. Qe3 b5 50. Rd7 b4 51. Qc5 b3 52. Rc7 Rb1+ 53. Kg2 Qf5 54. Qc3+ Qf6 55. Qc5 Qf5 56. Qc3+ Qf6 57. Qc5 1/2-1/2


[Site "https://www.chess.com"]

[Event "Titled Tuesday Blitz February 15 Early 2022"]
[White "Tari, Aryan"]
[Black "Senthil Maran K"]
[WhiteFideId "1510045"]
[BlackFideId "25035681"]
[WhiteElo "2567"]
[BlackElo "2194"]
[Result "1-0"]
[Round "04"]
[TimeControl "180+1"]
[Date "2022.02.15"]
[WhiteClock "0:00:35"]
[BlackClock "0:00:02"]

1. d4 Nf6 2. c4 e6 3. g3 d5 4. Bg2 dxc4 5. Nf3 Nbd7 6. O-O a6 7. Nfd2 Nb6 8. e3 c5 9. dxc5 Bxc5 10. Qe2 O-O 11. Nc3 Qd3 12. Qf3 e5 13. Nde4 Nxe4 14. Nxe4 Be7 15. Rd1 Qc2 16. Nc3 Qf5 17. Qe2 Rb8 18. e4 Qg6 19. Be3 Bg4 20. f3 Bc8 21. Qf2 Nd7 22. Nd5 Bd8 23. f4 f6 24. f5 Qf7 25. a4 b5 26. axb5 axb5 27. Ra7 Rb7 28. Rda1 Qe8 29. Qd2 Nb8 30. Rxb7 Bxb7 31. Ra7 Qc6 32. Qb4 Re8 33. h4 Nd7 34. Kh2 Nb6 35. Ra1 Nc8 36. Bc5 Bb6 37. Bxb6 Nxb6 38. Ne7+ Rxe7 39. Qxe7 Nc8 40. Qd8+ 1-0


[Site "https://www.chess.com"]

[Event "Titled Tuesday Blitz February 15 Early 2022"]
[White "Tasev, Dejan"]
[Black "Hoffmann, Asa"]
[WhiteFideId "936618"]
[BlackFideId "2001470"]
[WhiteElo "2253"]
[BlackElo "2117"]
[Result "1-0"]
[Round "04"]
[TimeControl "180+1"]
[Date "2022.02.15"]
[WhiteClock "0:01:02"]
[BlackClock "0:01:15"]

1. e4 d6 2. d4 c6 3. Nc3 a6 4. Be3 Nf6 5. f3 Nbd7 6. Nge2 b5 7. a3 e5 8. g4 Qc7 9. Ng3 Nb6 10. Qd2 Be6 11. g5 Ng8 12. d5 cxd5 13. exd5 Bd7 14. h4 Nc4 15. Bxc4 Qxc4 16. Nce4 f5 17. gxf6 Nxf6 18. Nxf6+ gxf6 19. Ne4 Be7 20. b3 Qc7 21. O-O-O O-O-O 22. Kb2 Kb7 23. Rc1 Rc8 24. c4 Qb8 25. c5 dxc5 26. d6 Bd8 27. Nxc5+ Rxc5 28. Rxc5 Bb6 29. Qd5+ Ka7 30. Rhc1 1-0


[Site "https://www.chess.com"]

[Event "Titled Tuesday Blitz February 15 Early 2022"]
[White "Terry, Renato"]
[Black "Sanal, Vahap"]
[WhiteFideId "3803457"]
[BlackFideId "6300545"]
[WhiteElo "2577"]
[BlackElo "2603"]
[Result "1/2-1/2"]
[Round "04"]
[TimeControl "180+1"]
[Date "2022.02.15"]
[WhiteClock "0:00:06"]
[BlackClock "0:00:06"]

1. d4 Nf6 2. Bg5 e6 3. e4 h6 4. Bxf6 Qxf6 5. c3 d6 6. Bd3 g6 7. Ne2 Bg7 8. O-O Qe7 9. f4 Nd7 10. Nd2 b6 11. e5 Bb7 12. Be4 d5 13. Bd3 c5 14. Kh1 c4 15. Bc2 b5 16. Qe1 a5 17. Qf2 Kd8 18. b3 Nb6 19. Rfb1 Bc6 20. bxc4 Nxc4 21. Nxc4 bxc4 22. g4 Kc7 23. f5 gxf5 24. gxf5 exf5 25. Ng3 Qh4 26. Qxf5 Rhf8 27. Qh7 Qg5 28. Rf1 Bd7 29. Nf5 Rg8 30. Rg1 Qh5 31. Rg3 Bxf5 32. Qxf5 Qxf5 33. Bxf5 Bh8 34. Rag1 Rxg3 35. Rxg3 Rb8 36. Rh3 Bg7 37. Rg3 Bf8 38. Rg8 a4 39. Kg2 Rb2+ 40. Kh3 Be7 41. Rg7 Rxa2 42. Rxf7 Kd8 43. Rh7 Ra3 44. Rh8+ Kc7 45. Rh7 Rxc3+ 46. Kg4 Kd8 47. Rh8+ Kc7 48. Rh7 Kd8 49. Rh8+ Kc7 50. Rh7 1/2-1/2


[Site "https://www.chess.com"]

[Event "Titled Tuesday Blitz February 15 Early 2022"]
[White "Timofeev, Artyom"]
[Black "Garriga Cazorla, Pere"]
[WhiteFideId "4140419"]
[BlackFideId "32011601"]
[WhiteElo "2583"]
[BlackElo "2458"]
[Result "0-1"]
[Round "04"]
[TimeControl "180+1"]
[Date "2022.02.15"]
[WhiteClock "0:00:02"]
[BlackClock "0:00:08"]

1. d4 Nf6 2. Nf3 e6 3. Bg5 h6 4. Bxf6 Qxf6 5. e4 d6 6. Nc3 c6 7. e5 Qd8 8. exd6 Bxd6 9. Bd3 Nd7 10. Qe2 Nf6 11. O-O-O Qa5 12. Kb1 Bd7 13. Ne5 Rf8 14. Nc4 Qc7 15. g3 O-O-O 16. f4 c5 17. dxc5 Bxc5 18. Ne5 Bd4 19. Nb5 Bxb5 20. Bxb5 Kb8 21. Nf3 Bc5 22. a3 Nd5 23. Bc4 Ne3 24. Rxd8+ Rxd8 25. Bb3 Bb6 26. Ka2 a6 27. Ne5 Ka7 28. Re1 f6 29. Nd3 e5 30. fxe5 fxe5 31. Nf2 Qc6 32. Ng4 Nxg4 33. Qxg4 Qc7 34. Rf1 Rd7 35. h4 Re7 36. Qe4 Qc6 37. Bd5 Qc5 38. h5 Rd7 39. Rd1 Qe3 40. Qg4 Rc7 41. Bb3 Bd4 42. c3 Bb6 43. Qe6 Qf2 44. Rd6 Be3 45. Rd7 Bc1 46. Bc2 Qxc2 0-1


[Site "https://www.chess.com"]